 Dungeon Crawl Stone Soup version 0.28.0-47-ge53b351184 (webtiles) character file.

Game seed: 17587828545575281555

21 Allula97 the Sneak (level 2, -1/22 HPs)
             Began as a Demonspawn Brigand on May 3, 2022.
             Was a Follower of Uskayaw.
             Slain by a worm (8 damage)
             ... on level 2 of the Dungeon.
             The game lasted 00:01:55 (1197 turns).

Allula97 the Sneak (Demonspawn Brigand)             Turns: 1197, Time: 00:01:56

Health: -1/22      AC:  7    Str: 11    XL:     2   Next: 65%
Magic:  3/3        EV: 10    Int: 12    God:    Uskayaw [*.....]
Gold:   95         SH:  0    Dex: 14    Spells: 2/2 levels left

rFire   . . .      SeeInvis .   a - +2 dagger
rCold   . . .      Faith    .   (no shield)
rNeg    . . .      Spirit   .   g - +0 ring mail
rPois   .          Reflect  .   (no helmet)
rElec   .          Harm     .   c - +0 cloak
rCorr   .          Rampage  .   f - +0 pair of gloves
Will    .....                   (no boots)
Stlth   ++........              (no amulet)
HPRegen 0.07/turn               (no ring)
MPRegen 0.16/turn               (no ring)

@: no status effects
A: magic regeneration
a: Renounce Religion, Stomp


You were on level 2 of the Dungeon.
You worshipped Uskayaw.
Uskayaw was noncommittal.
You visited 1 branch of the dungeon, and saw 2 of its levels.

You collected 95 gold pieces.

Inventory:

Hand Weapons
 a - a +2 dagger (weapon)
 b - a +0 dagger of flaming
Missiles
 d - 8 poisoned darts (quivered)
 e - 2 curare-tipped darts
Armour
 c - a +0 cloak (worn)
 f - a +0 pair of gloves (worn)
 g - a +0 ring mail (worn)
 m - a +3 ring mail
Scrolls
 h - a scroll of magic mapping {unknown}
 i - a scroll of fear {unknown}
 j - a scroll of immolation {unknown}
Potions
 k - a potion of curing {unknown}
 l - 2 potions of mutation {unknown}


   Skills:
 * Level 2.1 Fighting
 * Level 1.8 Short Blades
 + Level 1.8 Throwing
 * Level 0.4 Armour
 * Level 1.1 Dodging
 * Level 4.0 Stealth
 * Level 0.8 Spellcasting


You had 2 spell levels left.
You didn't know any spells.
Your spell library contained the following spells:

 Spells                   Type           Power      Damage    Failure   Level
 Corpse Rot               Necr/Air       0%         N/A       75%         2
 Poisonous Vapours        Pois/Air       0%         N/A       75%         2


Dungeon Overview and Level Annotations

Branches:
Dungeon (2/15)

Altars:
Uskayaw


Innate Abilities, Weirdness & Mutations

You regenerate magic rapidly.


Message History

l - 2 viscous silvery potions
There are no items here.
Found 26 stones.
A worm comes into view.
You see here a +3 ring mail.
m - a +3 ring mail
There is a hide-covered altar of Uskayaw here.
You kneel at the altar of Uskayaw.
Uskayaw welcomes you!
You hit the worm.
The worm is moderately wounded.
The worm bites you.
You hit the worm.
The worm is moderately wounded.
The worm bites you but does no damage.
You barely miss the worm.
The worm is moderately wounded.
You hit the worm.
The worm is heavily wounded.
The worm bites you but does no damage.
You barely miss the worm.
The worm is heavily wounded.
You hit the worm but do no damage.
The worm is heavily wounded.
The worm bites you but does no damage.
You barely miss the worm.
The worm is heavily wounded.
You hit the worm.
The worm is heavily wounded.
The worm bites you.
You hit the worm.
The worm is severely wounded.
The worm bites you.
You can now stomp with the beat.
You hit the worm.
The worm is severely wounded.
You completely miss the worm.
The worm is severely wounded.
The worm bites you!
You die...

##................#
##..###########....#
...#.# ##.#### .###.#
#..# .##..# ######.##
##..#####......##
..........#.....##
#..#..#####......#######
..##†........_..@w.....#
.#....#####.........(..#
...#### #............#
#.## #.##.........# .)#
######. ..#.......#
.###..........##.......#
.)...# ##### #.......#
###### ######### #


You could see a worm.

Vanquished Creatures
  A dart slug (D:1)
  3 ball pythons
  3 bats
  An endoplasm (D:1)
  A giant cockroach (D:2)
  3 hobgoblins (D:1)
  A frilled lizard (D:1)
  5 kobolds
18 creatures vanquished.

Notes
Turn   | Place    | Note
-------+----------+-------------------------------------------
     0 | D:1      | Allula97 the Demonspawn Brigand began the quest for the
                  | Orb.
     0 | D:1      | Reached XP level 1. HP: 16/16 MP: 1/1
   108 | D:1      | Reached skill level 1 in Dodging
   395 | D:1      | Gained mutation: You regenerate magic rapidly. [demonic
                  | ancestry]
   395 | D:1      | Reached XP level 2. HP: 21/22 MP: 3/3
  1070 | D:2      | Reached skill level 4 in Stealth
  1170 | D:2      | Found a hide-covered altar of Uskayaw.
  1183 | D:2      | Became a worshipper of Uskayaw the Reveller
  1195 | D:2      | Reached * piety under Uskayaw
  1197 | D:2      | Slain by a worm

Illustrated notes

Levels and vault maps discovered:
D:1:      erik_arrival_orb_chamber, layout_rooms, kennysheep_pointless_box,
          kennysheep_minor_cross
D:2:      layout_rooms, basic_altar

Skill      XL: |  1  2 |
---------------+-------+-----
Dodging        | 1 |  1.1
Stealth        | 4 |  4.0
Fighting       | |  2.1
Short Blades   | |  1.8
Throwing       | |  1.8
Armour         | |  0.4
Spellcasting   | |  0.8

Action                   || total
-------------------------++-------
Melee: Dagger            ||    67
       Punch             ||     2
 Stab: Sleeping          ||     2
Armor: Ring mail         ||    19
Dodge: Dodged            ||    25
